 Dungeon Crawl Stone Soup version 0.27.1-1-g398f81649c (webtiles) character file.

Game seed: 9588490178347098647

7730 MisterFreud the Blocker (level 11, -2/97 HPs)
             Began as a Gnoll Fighter on Sept 14, 2021.
             Was a High Priest of Jiyva.
             Slain by Harold (3 damage)
             ... on level 10 of the Dungeon.
             The game lasted 00:13:13 (11375 turns).

MisterFreud the Blocker (Gnoll Fighter)            Turns: 11375, Time: 00:13:14

Health: -2/97      AC: 10    Str: 14    XL:     11   Next: 19%
Magic:  29/29      EV: 10    Int: 13    God:    Jiyva [*****.]
Gold:   180        SH: 11    Dex: 13    Spells: 22/22 levels left

rFire    . . .     SeeInvis .   s - +7 trident of Tension {flame, Fly rPois MP+9 Int+2}
rCold    . . .     Faith    .   c - +0 kite shield
rNeg     . . .     Spirit   .   b - +0 scale mail
rPois    +         Reflect  .   j - +0 helmet
rElec    .         Harm     .   (no cloak)
rCorr    +         Rampage  .   (no gloves)
Will     .....                  (no boots)
Stlth    +++.......             (no amulet)
HPRegen  0.26/turn              (no ring)
MPRegen  0.21/turn              (no ring)

@: flying
A: fangs 1, strong nose, distributed training, robust 1, shaggy fur 1, acidic
bite, translucent skin 1
a: Renounce Religion, Request Jelly, Slimify, Cure Bad Mutation


You were on level 10 of the Dungeon.
You worshipped Jiyva.
Jiyva was extremely pleased with you.
You visited 1 branch of the dungeon, and saw 10 of its levels.

You collected 264 gold pieces.
You spent 84 gold pieces at shops.

Inventory:

Hand Weapons
 a - a +0 rapier
 s - the +7 trident of Tension (weapon) {flame, Fly rPois MP+9 Int+2}
   (You found it on level 6 of the Dungeon)

   It burns those it strikes, dealing additional fire damage.
   Int:       It affects your intelligence (+2).
   rPois:     It protects you from poison.
   MP:        It affects your magic capacity (+9).
   Fly:       It grants you flight.
 x - a +2 hand axe of venom
Missiles
 h - 19 poisoned darts (quivered)
 i - 3 javelins
 r - 5 boomerangs of dispersal
 w - 14 boomerangs
Armour
 b - a +0 scale mail (worn)
 c - a +0 kite shield (worn)
 j - a +0 helmet (worn)
 v - a +3 plate armour
Wands
 m - a wand of paralysis (12)
Scrolls
 g - a scroll of amnesia
 n - a scroll of enchant weapon {unknown}
 t - a scroll of acquirement {unknown}
 u - a scroll of magic mapping {unknown}
 y - 2 scrolls of teleportation
Potions
 d - a potion of might
 e - 2 potions of flight
 f - a potion of lignification
 k - 3 potions of curing
 l - 2 potions of resistance
 o - 2 potions of heal wounds {unknown}
 p - a potion of attraction
 q - a potion of invisibility {unknown}


   Skills:
 + Level 9.0 Fighting
 + Level 7.7 Short Blades
 + Level 6.0 Long Blades
 + Level 6.0 Axes
 + Level 6.0 Maces & Flails
 + Level 6.0 Polearms
 + Level 6.0 Staves
 + Level 6.0 Slings
 + Level 6.0 Bows
 + Level 6.0 Crossbows
 + Level 6.0 Throwing
 + Level 9.0 Armour
 + Level 6.0 Dodging
 + Level 6.0 Stealth
 + Level 9.0 Shields
 + Level 6.0 Unarmed Combat
 + Level 6.0 Spellcasting
 + Level 5.0 Conjurations
 + Level 5.0 Hexes
 + Level 5.0 Summonings
 + Level 5.0 Necromancy
 + Level 5.0 Translocations
 + Level 5.0 Transmutations
 + Level 5.0 Fire Magic
 + Level 5.0 Ice Magic
 + Level 5.0 Air Magic
 + Level 5.0 Earth Magic
 + Level 5.0 Poison Magic
 + Level 6.6 Invocations
 + Level 6.0 Evocations


You had 22 spell levels left.
You didn't know any spells.
Your spell library contained the following spells:

 Spells                   Type           Power      Damage    Failure   Level
 Freeze                   Ice            68%        1d8       16%         1
 Slow                     Hex            17%        N/A       24%         2
 Confusing Touch          Hex            17%        N/A       43%         3
 Frozen Ramparts          Ice            34%        1d5       43%         3
 Vampiric Draining        Necr           8%         2d7       43%         3
 Hailstorm                Conj/Ice       17%        3d6       83%         4


Dungeon Overview and Level Annotations

Branches:
Dungeon (10/15)            Temple (0/1) D:6
   Lair: D:8-11         Orc: D:9-12

Altars:
Ashenzari
Cheibriados
Nemelex Xobeh
Trog
Uskayaw
Wu Jian
Zin
Jiyva

Shops:
D:8 ?

Annotations:
D:4 3 runed translucent doors, Cleetus's ghost, amateur DDFi
D:8 1 runed translucent door
D:10 3 runed translucent doors, Harold; hurston's ghost, novice GrFi


Innate Abilities, Weirdness & Mutations

You have very sharp teeth.
Your uncanny sense of smell can sniff out nearby items.
Your experience applies equally to all skills.
You are robust. (+10% HP)
You are covered in fur. (AC +1)
You have acidic saliva.
Your translucent skin slightly reduces your foes' accuracy. (Stealth+)


Message History

You feel clever.
You feel weaker.
(D) Dungeon (T) Temple
Where to? (Enter - D:9 @ (x,y), ? - help)
There is a stone staircase leading down here.
You fly downwards.
Level annotation: 3 runed translucent doors, hurston's ghost, novice GrFi
Found a coppery potion.
There is a stone staircase leading up here.
Harold shouts!
You hit Harold but do no damage.
Harold hits you with a +0 trident of pain!
You writhe in agony.
You puncture Harold! You burn Harold.
Harold is lightly wounded.
Harold considers, "I think I'll use your bounty to get a fishing boat..."
Harold casts a spell at you.
You barely resist.
Harold drinks a potion.
Harold seems to grow stronger.
You completely miss Harold. Your bite misses Harold.
Harold is lightly wounded.
Harold hits you with a +0 trident of pain!!
You writhe in agony.
You hit Harold. You burn Harold.
Harold is lightly wounded.
Harold hits you with a +0 trident of pain!
You writhe in agony.
You hit Harold but do no damage. You bite Harold, but do no damage.
Harold is lightly wounded.
Harold hits you with a +0 trident of pain!!
* * * LOW HITPOINT WARNING * * *
You puncture Harold! You burn Harold.
Harold is moderately wounded.
Harold hits you with a +0 trident of pain!
* * * LOW HITPOINT WARNING * * *
You hit Harold. You burn Harold.
Harold is moderately wounded.
Harold hits you with a +0 trident of pain!
* * * LOW HITPOINT WARNING * * *
You writhe in agony.
You die...

......#..#...####..######
#+++###.##...# #..'.<..#
.........#...# #..#....#
...## ...#...# #..#....#
#...# #..#....# #...#
####....# +...# +....#
#..<# ###### #.@.# #@..#
#...# #...# ∆ ∆ #...#
#...# #!..# #...#


You could see Harold (strong).

Vanquished Creatures
  A boulder beetle (D:9)
  A two-headed ogre (D:8)
  Pikel (D:4)
  A manticore (D:7)
  4 centaur zombies
  2 trolls
  4 yaks (D:8)
  2 wyverns
  2 steam dragons (D:8)
  Duvessa (D:6)
  3 water moccasins
  7 orc warriors
  A black bear (D:6)
  A necrophage (D:4)
  3 ice beasts
  2 ogres
  2 centaurs (D:7)
  2 lemures (D:4)
  A phantom (D:6)
  Blork the orc (D:4)
  2 kobold brigands
  3 bullfrogs
  A wyvern zombie (D:8)
  Dowan (D:6)
  3 scorpions
  A wyvern skeleton (D:7)
  3 killer bees (D:8)
  7 orc priests
  A gnoll shaman (D:7)
  2 hounds (D:5)
  2 iguanas
  A bullfrog skeleton (D:5)
  6 orc wizards
  6 gnolls
  2 adders
  A howler monkey skeleton (D:7)
  An ufetubus (D:5)
  A worm (D:5)
  2 dart slugs (D:1)
  33 orcs
  5 endoplasms (D:1)
  A giant cockroach (D:2)
  2 goblins
  5 hobgoblins
  3 jackals
  16 kobolds
  2 quokkas (D:1)
  A ball python (D:4)
  2 bats (D:2)
  5 frilled lizards
  7 rats
170 creatures vanquished.

Vanquished Creatures (others)
  Grinder (D:4)
  Eustachio (D:6)
  2 yaks (D:8)
  A black bear (D:6)
  2 lemures
  4 scorpions
  A howler monkey (D:4)
  2 centaur zombies (D:8)
  33 jellies
  A hound (D:4)
  An iguana (D:4)
  A bullfrog skeleton (D:5)
  A centaur skeleton (D:7)
  2 orc wizards
  A scorpion zombie (D:5)
  A howler monkey zombie (D:8)
  11 orcs
  A bat (D:3)
  2 jackals (D:4)
  2 quokkas (D:4)
  5 ball pythons
  A kobold (D:4)
  A quokka simulacrum (D:4)
  18 fungi (D:10)
  31 plants
127 creatures vanquished.

Grand Total: 297 creatures vanquished

Notes
Turn   | Place    | Note
-------+----------+-------------------------------------------
     0 | D:1      | MisterFreud the Gnoll Fighter began the quest for the Orb.
     0 | D:1      | Reached XP level 1. HP: 23/23 MP: 1/1
   176 | D:1      | Reached XP level 2. HP: 24/29 MP: 2/2
   584 | D:1      | Reached XP level 3. HP: 33/35 MP: 3/3
   635 | D:1      | Found a faded altar of an unknown god.
   642 | D:1      | Became a worshipper of Jiyva Jizyg the Shapeless
   642 | D:1      | Reached * piety under Jiyva
   934 | D:2      | Reached skill level 1 in Invocations
  1672 | D:3      | Reached skill level 1 in Long Blades
  1672 | D:3      | Reached skill level 1 in Axes
  1672 | D:3      | Reached skill level 1 in Maces & Flails
  1672 | D:3      | Reached skill level 1 in Polearms
  1672 | D:3      | Reached skill level 1 in Staves
  1672 | D:3      | Reached skill level 1 in Slings
  1672 | D:3      | Reached skill level 1 in Bows
  1672 | D:3      | Reached skill level 1 in Crossbows
  1672 | D:3      | Reached skill level 1 in Throwing
  1672 | D:3      | Reached skill level 1 in Dodging
  1672 | D:3      | Reached skill level 1 in Stealth
  1672 | D:3      | Reached skill level 1 in Unarmed Combat
  1672 | D:3      | Reached skill level 1 in Spellcasting
  1672 | D:3      | Reached skill level 1 in Evocations
  1776 | D:3      | Reached ** piety under Jiyva
  1962 | D:3      | Reached XP level 4. HP: 41/41 MP: 5/5
  2040 | D:3      | Found a hide-covered altar of Uskayaw.
  2047 | D:3      | Found a glowing silver altar of Zin.
  2047 | D:3      | Found an ornate altar of the Wu Jian Council.
  2050 | D:3      | Found a bloodstained altar of Trog.
  2051 | D:3      | Found a snail-covered altar of Cheibriados.
  2287 | D:4      | Noticed an ogre
  2318 | D:4      | Killed an ogre
  2319 | D:4      | Reached skill level 1 in Conjurations
  2319 | D:4      | Reached skill level 1 in Hexes
  2319 | D:4      | Reached skill level 1 in Summonings
  2319 | D:4      | Reached skill level 1 in Necromancy
  2319 | D:4      | Reached skill level 1 in Translocations
  2319 | D:4      | Reached skill level 1 in Transmutations
  2319 | D:4      | Reached skill level 1 in Fire Magic
  2319 | D:4      | Reached skill level 1 in Ice Magic
  2319 | D:4      | Reached skill level 1 in Air Magic
  2319 | D:4      | Reached skill level 1 in Earth Magic
  2319 | D:4      | Reached skill level 1 in Poison Magic
  2319 | D:4      | Reached XP level 5. HP: 47/47 MP: 5/7
  2350 | D:4      | Noticed a lemure
  2389 | D:4      | Killed a lemure
  2400 | D:4      | Noticed a necrophage
  2413 | D:4      | Killed a necrophage
  2414 | D:4      | Reached XP level 6. HP: 25/53 MP: 8/8
  2653 | D:4      | Noticed Pikel
  3049 | D:4      | Reached *** piety under Jiyva
  3117 | D:4      | Killed Pikel
  3118 | D:4      | Reached skill level 5 in Short Blades
  3118 | D:4      | Reached XP level 7. HP: 23/60 MP: 8/10
  3312 | D:4      | Noticed Cleetus's ghost (amateur DDFi)
  3352 | D:4      | Found a runed translucent gate.
  3352 | D:4      | Found a runed translucent gate.
  3352 | D:4      | Found a runed translucent gate.
  3430 | D:4      | Noticed Grinder
  3433 | D:4      | Killed Grinder
  3563 | D:4      | Noticed Blork the orc
  3582 | D:4      | Killed Blork the orc
  3865 | D:5      | Entered Level 5 of the Dungeon
  4346 | D:5      | Found a broken altar of Ashenzari.
  4420 | D:5      | Reached XP level 8. HP: 67/67 MP: 12/12
  4794 | D:6      | Gained mutation: You are covered in fur. (AC +1) [Jiyva's
                  | grace]
  4797 | D:6      | Identified the +7 trident of Tension {flame, Fly rPois MP+9
                  | Int+2}
  4824 | D:6      | Killed Eustachio
  4983 | D:6      | Noticed Duvessa
  4983 | D:6      | Noticed Dowan
  4996 | D:6      | Killed Duvessa
  5002 | D:6      | Killed Dowan
  5124 | D:6      | Reached XP level 9. HP: 56/72 MP: 14/14
  5303 | D:6      | Reached **** piety under Jiyva
  5467 | D:6      | Found a staircase to the Ecumenical Temple.
  6216 | D:7      | Noticed a manticore
  6227 | D:7      | Killed a manticore
  6228 | D:7      | Reached skill level 5 in Invocations
  6321 | D:8      | Gained mutation: You are robust. (+10% HP) [Jiyva's grace]
  6930 | D:7      | Reached ***** piety under Jiyva
  7438 | D:7      | Gained mutation: Your translucent skin slightly reduces
                  | your foes' accuracy. (Stealth+) [Jiyva's grace]
  7476 | D:7      | Reached XP level 10. HP: 88/88 MP: 17/17
  7820 | D:8      | Reached skill level 5 in Long Blades
  7820 | D:8      | Reached skill level 5 in Axes
  7820 | D:8      | Reached skill level 5 in Maces & Flails
  7820 | D:8      | Reached skill level 5 in Polearms
  7820 | D:8      | Reached skill level 5 in Staves
  7820 | D:8      | Reached skill level 5 in Slings
  7820 | D:8      | Reached skill level 5 in Bows
  7820 | D:8      | Reached skill level 5 in Crossbows
  7820 | D:8      | Reached skill level 5 in Throwing
  7820 | D:8      | Reached skill level 5 in Dodging
  7820 | D:8      | Reached skill level 5 in Stealth
  7820 | D:8      | Reached skill level 5 in Unarmed Combat
  7820 | D:8      | Reached skill level 5 in Spellcasting
  7820 | D:8      | Reached skill level 5 in Evocations
  7833 | D:8      | Noticed a two-headed ogre
  7927 | D:8      | Killed a two-headed ogre
  8254 | D:8      | Found Syischorgh's Magic Scroll Emporium.
  8265 | D:8      | Bought a scroll of teleportation for 42 gold pieces
  8265 | D:8      | Bought a scroll of teleportation for 42 gold pieces
  8761 | D:8      | Found a runed translucent door.
  8778 | D:8      | Noticed a purple ugly thing
  8778 | D:8      | Noticed a two-headed ogre
  8779 | D:8      | Noticed a cyclops
  9585 | D:9      | Noticed a boulder beetle
  9608 | D:9      | Killed a boulder beetle
 10235 | D:9      | Gained mutation: You have acidic saliva. [Jiyva's grace]
 10237 | D:9      | Reached XP level 11. HP: 95/95 MP: 19/19
 10416 | D:9      | Found a sparkling altar of Nemelex Xobeh.
 10533 | D:10     | Entered Level 10 of the Dungeon
 10612 | D:10     | Reached skill level 5 in Conjurations
 10612 | D:10     | Reached skill level 5 in Hexes
 10612 | D:10     | Reached skill level 5 in Summonings
 10612 | D:10     | Reached skill level 5 in Necromancy
 10612 | D:10     | Reached skill level 5 in Translocations
 10612 | D:10     | Reached skill level 5 in Transmutations
 10612 | D:10     | Reached skill level 5 in Fire Magic
 10612 | D:10     | Reached skill level 5 in Ice Magic
 10612 | D:10     | Reached skill level 5 in Air Magic
 10612 | D:10     | Reached skill level 5 in Earth Magic
 10612 | D:10     | Reached skill level 5 in Poison Magic
 10948 | D:10     | Found a runed translucent gate.
 10948 | D:10     | Noticed hurston's ghost (novice GrFi)
 10948 | D:10     | Noticed a centaur warrior
 10948 | D:10     | Noticed a two-headed ogre
 10949 | D:10     | Found a runed translucent gate.
 10950 | D:10     | Found a runed translucent gate.
 11316 | D:10     | Noticed a two-headed ogre
 11367 | D:10     | Noticed Harold
 11375 | D:10     | HP: 1/97 [Harold (14)]
 11375 | D:10     | Slain by Harold

Illustrated notes

Levels and vault maps discovered:
D:1:      lightli_arrival_flooded_house, layout_basic,
          shapermc_ecumenical_altar_mp_vishouse
D:2:      layout_basic, kennysheep_generic_room_7
D:3:      layout_loops_cross, minitemple
D:4:      layout_basic, gammafunk_ghost_icy, minmay_vboxes, uniq_pikel,
          uniq_blork_the_orc, uniq_grinder
D:5:      layout_loops_ring, mainiacjoe_overflow_catwalk
D:6:      layout_basic, minmay_temple_entry_junction, uniq_eustachio,
          uniq_duvessa
D:7:      layout_basic, nicolae_sextant, minmay_misc_feat_columns
D:8:      layout_basic, serial_shops, shop, serial_bayou_pond_b, wad_hexagon
D:9:      layout_roguey, nemelex_diamond_rough_becter
D:10:     layout_grid_maze, due_lair_maze_entry_diamond, serial_shops,
          nicolae_inconvenience_store, gammafunk_ghost_split, uniq_harold

Skill      XL: |  1  2  3  4  5  6  7  8  9 10 11 |
---------------+----------------------------------+-----
Invocations    | 1 2 3 4 5 6 |  6.6
Long Blades    | 1 2 3 4 5 6 |  6.0
Axes           | 1 2 3 4 5 6 |  6.0
Maces & Flails | 1 2 3 4 5 6 |  6.0
Polearms       | 1 2 3 4 5 6 |  6.0
Staves         | 1 2 3 4 5 6 |  6.0
Slings         | 1 2 3 4 5 6 |  6.0
Bows           | 1 2 3 4 5 6 |  6.0
Crossbows      | 1 2 3 4 5 6 |  6.0
Throwing       | 1 2 3 4 5 6 |  6.0
Dodging        | 1 2 3 4 5 6 |  6.0
Stealth        | 1 2 3 4 5 6 |  6.0
Unarmed Combat | 1 2 3 4 5 6 |  6.0
Spellcasting   | 1 2 3 4 5 6 |  6.0
Evocations     | 1 2 3 4 5 6 |  6.0
Conjurations   | 1 2 3 4 5 |  5.0
Hexes          | 1 2 3 4 5 |  5.0
Summonings     | 1 2 3 4 5 |  5.0
Necromancy     | 1 2 3 4 5 |  5.0
Translocations | 1 2 3 4 5 |  5.0
Transmutations | 1 2 3 4 5 |  5.0
Fire Magic     | 1 2 3 4 5 |  5.0
Ice Magic      | 1 2 3 4 5 |  5.0
Air Magic      | 1 2 3 4 5 |  5.0
Earth Magic    | 1 2 3 4 5 |  5.0
Poison Magic   | 1 2 3 4 5 |  5.0
Fighting       | 7 8 9 |  9.0
Short Blades   | 5 6 7 |  7.7
Armour         | 7 8 9 |  9.0
Shields        | 7 8 9 |  9.0

Action                   |  1- 3 |  4- 6 |  7- 9 | 10-12 || total
-------------------------+-------+-------+-------+-------++-------
Melee: Rapier            |   103 |    94 |   133 |       ||   330
       Bite              |     3 |    12 |    30 |    23 ||    68
       Trident           |       |       |   146 |   250 ||   396
Throw: Dart              |       |    21 |       |     4 ||    25
Invok: Request Jelly     |       |       |     1 |       ||     1
  Use: Scroll            |       |       |     7 |       ||     7
       Potion            |       |       |       |     1 ||     1
 Stab: Sleeping          |       |       |     1 |     2 ||     3
Armor: Scale mail        |    50 |    22 |   116 |    65 ||   253
       Skin              |       |       |       |    11 ||    11
Dodge: Dodged            |    27 |    18 |    81 |   103 ||   229
Block: Kite shield       |    51 |    50 |   132 |   134 ||   367
